 Dungeon Crawl Stone Soup version 0.26.0-11-g8f856b5395 (webtiles) character file.

Game seed: 545718848840586448

24 Masnef the Sneak (level 3, -2/21 HPs)
             Began as an Octopode Enchanter on Jan 14, 2021.
             Slain by a sky beast (6 damage)
             ... on level 2 of the Dungeon on Jan 15, 2021.
             The game lasted 00:01:25 (1488 turns).

Masnef the Sneak (Octopode Enchanter)               Turns: 1488, Time: 00:01:26

Health: -2/21      AC:  1    Str:  7    XL:     3   Next: 2%
Magic:  4/6        EV: 13    Int: 18    God:
Gold:   61         SH:  0    Dex: 12    Spells: 3/6 levels left

rFire    . . .     SeeInvis .   a - +1 dagger
rCold    . . .     Faith    .   (no shield)
rNeg     . . .     Spirit   .   (helmet restricted)
rPois    .         Reflect  .   (no amulet)
rElec    .         Harm     .   (no ring)
rCorr    .         Rampage  .   (no ring)
Will     .....                  (no ring)
Stlth    +++.......             (no ring)
HPRegen  0.07/turn              (no ring)
MPRegen  0.10/turn              (no ring)
                                (no ring)
                                (no ring)

@: no status effects
A: almost no armour, stealthy swim, amphibious, 8 rings, constrict 8, camouflage
1, gelatinous body 1
a: no special abilities


You were on level 2 of the Dungeon.
You visited 1 branch of the dungeon, and saw 2 of its levels.

You collected 61 gold pieces.

Inventory:

Hand Weapons
 a - a +1 dagger (weapon)
Missiles
 h - 11 poisoned darts
Jewellery
 b - a cursed ring of teleportation {unknown}
Scrolls
 c - a scroll of fear {unknown}
 d - a scroll of teleportation {unknown}
 f - a scroll of immolation {unknown}
 g - a scroll of noise {unknown}
 i - a scroll of amnesia {unknown}
Potions
 e - a potion of flight {unknown}
 j - a potion of heal wounds {unknown}


   Skills:
 + Level 2.8 Short Blades
 - Level 2.0 Dodging
 - Level 4.0 Stealth
 - Level 2.0 Spellcasting
 - Level 3.0 Hexes


You had 3 spell levels left.
You knew the following spells:

 Your Spells              Type           Power        Failure   Level
a - Corona                Hex            13%          5%          1
b - Ensorcelled Hibernat  Hex/Ice        14%          14%         2

Your spell library contained the following spells:

 Spells                   Type           Power        Failure   Level
 Confusing Touch          Hex            12%          16%         3
 Tukima's Dance           Hex            12%          16%         3
 Dazzling Flash           Conj/Hex       14%          28%         3


Dungeon Overview and Level Annotations

Branches:
Dungeon (2/15)

Altars:


Innate Abilities, Weirdness & Mutations

You cannot wear most types of armour.
You are very stealthy in the water. (Stealth+)
You are amphibious.
You can wear up to eight rings at the same time.
You can use your tentacles to constrict eight enemies at once.
Your skin changes colour to match your surroundings (Stealth+).
Your rubbery body absorbs attacks. (AC +1, EV +1)


Message History

Confirm with . or Enter, or press ? or * to list all spells.
Aiming: Ensorcelled Hibernation (safe; 14% risk of failure)
Press: ? - help, Shift-Dir - straight line, f - sky beast
Aim: a sky beast (chance to affect: 38%)
The sky beast looks drowsy...
The leopard gecko closely misses you. The leopard gecko bites you.
The helpless sky beast fails to defend itself.
You impale the sky beast!!
The sky beast is severely wounded.
The sky beast hits you. The sky beast shocks you.
The leopard gecko closely misses you.
You closely miss the sky beast.
The sky beast is severely wounded.
The leopard gecko closely misses you.
You hit the sky beast.
The sky beast is severely wounded.
The sky beast hits you.
* * * LOW HITPOINT WARNING * * *
The sky beast shocks you.
You die...

########..
#..§l.....
####.###.##..
#.....#
#..####l##
#.......#
#>.####.###
#.......l@#
#..#####Y##
###


You could see a sky beast and a leopard gecko.

Vanquished Creatures
  2 oozes (D:1)
  3 giant cockroaches (D:1)
  2 goblins (D:1)
  A hobgoblin (D:1)
  3 kobolds (D:1)
  2 bats (D:1)
  2 frilled lizards (D:1)
15 creatures vanquished.

Notes
Turn   | Place    | Note
-------+----------+-------------------------------------------
     0 | D:1      | Masnef the Octopode Enchanter began the quest for the Orb.
     0 | D:1      | Reached XP level 1. HP: 11/11 MP: 3/3
   306 | D:1      | Reached XP level 2. HP: 6/17 MP: 5/5
   633 | D:1      | Upgraded the game from 0.26.0-10-g1f06aea511 to
                  | 0.26.0-11-g8f856b5395
  1093 | D:1      | Reached XP level 3. HP: 21/21 MP: 6/6
  1200 | D:2      | Learned a level 2 spell: Ensorcelled Hibernation
  1206 | D:2      | Noticed a sky beast
  1488 | D:2      | Slain by a sky beast

Illustrated notes

Levels and vault maps discovered:
D:1:      elethiomel_arrival_maze, layout_basic, grunt_decor_one_mirror,
          minmay_misc_feat_doors, lemuel_old_faithful
D:2:      layout_basic, elyvilon_altar_1

Skill      XL: |  1 |
---------------+----+-----
Short Blades   | 2 |  2.8
Dodging        | |  2.0
Stealth        | |  4.0
Spellcasting   | |  2.0
Hexes          | |  3.0

Action                   || total
-------------------------++-------
Melee: Dagger            ||    48
       Constrict         ||     8
       Tentacles         ||     2
 Cast: Ensorcelled Hiber ||     1
       Corona            ||     1
 Stab: Sleeping          ||     6
Armor: Skin              ||     6
Dodge: Dodged            ||    34
